 Dungeon Crawl Stone Soup version 0.22.0-5-gf09313c (webtiles) character file.

102 zishaf the Bolt Thrower (level 5, 0/30 HPs)
             Began as a Kobold Arcane Marksman on Aug 13, 2018.
             Succumbed to an adder's poison
             ... on level 3 of the Dungeon.
             The game lasted 00:05:04 (3300 turns).

zishaf the Bolt Thrower (Kobold Arcane Marksman)    Turns: 3300, Time: 00:05:04

Health: 0/30       AC:  2    Str:  8    XL:     5   Next: 5%
Magic:  6/6        EV: 16    Int: 15    God:
Gold:   122        SH:  0    Dex: 15    Spells: 2/6 levels left

rFire    . . .     SeeInvis .   b - +2 dagger (holy)
rCold    . . .     Gourm    .   (shield restricted)
rNeg     . . .     Faith    .   e - +0 robe
rPois    .         Spirit   .   (no helmet)
rElec    .         Reflect  .   (no cloak)
rCorr    .         Harm     .   (no gloves)
MR       .....                  (no boots)
Stlth    +.........             (no amulet)
HPRegen  0.10/turn              o - ring of flight
MPRegen  0.10/turn              (no ring)

@: lethally poisoned (0 -> -12)
A: small, carnivore
a: Evoke Flight


You were on level 3 of the Dungeon.
You were very full.

You visited 1 branch of the dungeon, and saw 3 of its levels.

You collected 122 gold pieces.

Inventory:

Hand Weapons
 a - a +0 hand crossbow
 b - a +2 dagger of holy wrath (weapon)
 q - a +0 short sword
 w - a +0 hunting sling
Missiles
 d - 6 bolts
 h - 96 stones (quivered)
Armour
 e - a +0 robe (worn)
Jewellery
 o - a ring of flight (left hand)
Wands
 l - a wand of acid (11)
Scrolls
 g - 3 scrolls of fear {unknown}
 i - 3 scrolls of identify {unknown}
 j - a scroll of teleportation {unknown}
 k - a scroll of remove curse {unknown}
Potions
 c - 2 potions of ambrosia {unknown}
 m - 2 potions of berserk rage {unknown}
 n - a potion of heal wounds {unknown}
 p - 2 potions of resistance {unknown}
 r - a potion of lignification {unknown}
Comestibles
 f - 3 rations


   Skills:
 + Level 2.1 Fighting
 * Level 4.0 Crossbows
 + Level 3.3 Dodging
 - Level 1.1 Spellcasting
 + Level 3.4 Hexes
 + Level 1.1 Fire Magic


You had 2 spell levels left.
You knew the following spells:

 Your Spells              Type           Power        Failure   Level  Hunger
a - Corona                Hex            ##.....      6%          1    ##.....
b - Inner Flame           Hex/Fire       #.......     28%         3    ####...

Your spell library contained the following spells:

 Spells                   Type           Power        Failure   Level  Hunger
 Cause Fear               Hex            ##........   50%         4    #####..
 Slow                     Hex            ##......     9%          2    ###....
 Portal Projectile        Hex/Tloc       #.....       34%         3    ####...
 Leda's Liquefaction      Hex/Erth       #.........   75%         4    #####..


Dungeon Overview and Level Annotations

Branches:
Dungeon (3/15)

Altars:


Innate Abilities, Weirdness & Mutations

You are small and have problems with some larger weapons.
You are carnivorous and can eat meat at any time.


Message History

You barely miss the adder.
You feel sick. The adder bites you.
You are lethally poisoned!
The adder poisons you!
You hit the adder.
The adder is lightly wounded.
You feel sick. The adder misses you.
You closely miss the adder.
You feel sick. The adder barely misses you. The adder bites you.
* * * LOW HITPOINT WARNING * * *
You hit the adder but do no damage.
* * * LOW HITPOINT WARNING * * *
You feel sick. The adder completely misses you.
You hit the adder.
The adder is heavily wounded.
* * * LOW HITPOINT WARNING * * *
You feel sick. The adder bites you.
* * * LOW HITPOINT WARNING * * *
You hit the adder.
The adder is severely wounded.
You die...

.####### ........ .#
...... .# #.#..# .#
#.##.##
.###########.....# #
.............###.#.#
############.# #.#.#
.....##### #.#
#)..#####
.........###.#
#@.......
.............#
#)S###### .........#
### #.(.. .....)...#
.....# .........#
.(...# .........#
#....(# ####+##.##
#....(( #.##.#
#.......
##.##.######


You could see an adder.

Vanquished Creatures
  Ijyb (D:3)
  An adder (D:2)
  3 worms
  2 dart slugs
  A leopard gecko (D:1)
  3 orcs (D:3)
  4 bats (D:1)
  A giant cockroach (D:3)
  8 goblins
  10 hobgoblins
  7 kobolds
  2 ball pythons
  A frilled lizard (D:2)
  6 rats
50 creatures vanquished.

Notes
Turn   | Place    | Note
-------+----------+-------------------------------------------
     0 | D:1      | zishaf the Kobold Arcane Marksman began the quest for the Orb.
     0 | D:1      | Reached XP level 1. HP: 12/12 MP: 2/2
    72 | D:1      | Reached XP level 2. HP: 16/16 MP: 3/3
   378 | D:1      | Reached skill level 3 in Crossbows
   922 | D:1      | Reached XP level 3. HP: 5/20 MP: 4/4
  1211 | D:1      | Learned a level 3 spell: Inner Flame
  1831 | D:2      | Noticed a scorpion
  2403 | D:2      | Reached XP level 4. HP: 14/26 MP: 5/5
  3266 | D:3      | Noticed Ijyb
  3276 | D:3      | Killed Ijyb
  3276 | D:3      | Reached skill level 1 in Fire Magic
  3283 | D:3      | Reached skill level 4 in Crossbows
  3283 | D:3      | Reached XP level 5. HP: 25/30 MP: 6/6
  3299 | D:3      | HP: 1/30 [adder (4)]
  3300 | D:3      | Succumbed to an adder's poison

Skill      XL: |  1  2  3  4 |
---------------+-------------+-----
Crossbows      | 3 4 |  4.0
Dodging        | 3 |  3.3
Fighting       | 2 |  2.1
Fire Magic     | 1 |  1.1
Spellcasting   | |  1.1
Hexes          | |  3.4

Action                   |  1- 3 |  4- 6 || total
-------------------------+-------+-------++-------
Melee: Short sword       |   103 |       ||   103
       Dagger            |    23 |    82 ||   105
 Fire: Hand crossbow     |    30 |    16 ||    46
 Cast: Corona            |       |     1 ||     1
 Stab: Sleeping          |     2 |       ||     2
  Eat: Chunk             |    13 |     2 ||    15
Armor: Robe              |    16 |     3 ||    19
Dodge: Dodged            |    83 |    54 ||   137
